 Dungeon Crawl Stone Soup version 0.20.1-1-g8b1a95d (webtiles) character file.

104 Megalobster the Chopper (level 4, -4/42 HPs)
             Began as a Deep Dwarf Fighter on Aug 1, 2017.
             Slain by a gnoll
             ... wielding a +0 halberd
              (6 damage)
             ... on level 3 of the Dungeon.
             The game lasted 00:05:34 (1463 turns).

Megalobster the Chopper (Deep Dwarf Fighter)        Turns: 1463, Time: 00:05:34

Health: -4/42      AC:  9    Str: 22    XL:     4   Next: 52%
Magic:  4/4        EV:  7    Int:  9    God:
Gold:   139        SH: 11    Dex: 12    Spells: 3/3 levels left

rFire    . . .     SeeInvis .   a - +0 war axe
rCold    . . .     Gourm    .   l - +2 shield
rNeg     . . .     Faith    .   b - +0 scale mail
rPois    .         Spirit   .   (no helmet)
rElec    .         Reflect  .   (no cloak)
rCorr    .         Harm     .   q - +0 pair of gloves
MR       .....                  x - +0 pair of boots
Stlth    ..........             (no amulet)
Regen    0.0/turn               p - +2 ring of strength
MPRegen  0.1/turn               (no ring)

@: non-regenerating
A: damage resistance, heal wounds, sense surroundings 1, no regeneration
a: Heal Wounds


You were on level 3 of the Dungeon.
You were not hungry.

You visited 1 branch of the dungeon, and saw 3 of its levels.

You collected 139 gold pieces.

Inventory:

Hand Weapons
 a - a +0 war axe (weapon)
 u - a +0 hunting sling
Missiles
 g - 58 stones (quivered)
 j - 9 poisoned needles
 s - 34 sling bullets
Armour
 b - a +0 scale mail (worn)
 c - a +0 shield
 e - a +0 plate armour
 l - a +2 shield (worn)
 q - a +0 pair of gloves (worn)
 x - a +0 pair of boots (worn)
Jewellery
 p - a +2 ring of strength (left hand)
Scrolls
 i - 5 scrolls of identify {unknown}
 k - 2 scrolls of teleportation {unknown}
 o - a scroll of enchant weapon {unknown}
 v - 3 scrolls of recharging {unknown}
Potions
 d - a potion of might
 h - 3 potions of invisibility {unknown}
 n - 3 potions of curing {unknown}
 r - 2 potions of lignification {unknown}
 t - 2 potions of brilliance {unknown}
 z - 3 potions of haste {unknown}
 A - a potion of heal wounds {unknown}
Comestibles
 f - a bread ration
 m - a royal jelly
 w - a meat ration


   Skills:
 + Level 3.1 Fighting
 * Level 4.0 Axes
 + Level 3.8 Armour
 + Level 3.8 Shields


You had 3 spell levels left.
You didn't know any spells.

Dungeon Overview and Level Annotations

Branches:
Dungeon (3/15)

Altars:


Innate Abilities, Weirdness & Mutations

You are resistant to damage.
You can heal yourself by infusing magical energy.
You passively map a small area around you.
You do not regenerate.


Message History

You barely miss the adder.
The adder is almost dead.
The adder closely misses you. The gnoll hits you but does no damage.
The gnoll hits you from afar with a halberd.
* * * LOW HITPOINT WARNING * * *
You block the adder's attack.
You slash the adder!
You kill the adder!
The gnoll hits you from afar with a spear.
* * * LOW HITPOINT WARNING * * *
You block the gnoll's attack.
The gnoll hits you from afar with a spear.
You block the gnoll's attack. x3
Things that are here:
a whip; an adder corpse; a gnoll corpse You hit the gnoll.
The gnoll is lightly wounded.
Your shield and scale mail prevent you from hitting the gnoll.
You block the gnoll's attack. The gnoll hits you with a halberd!
You die...

* #.# , * #.# * ,,
#.# ## ## ,# * #.#
#.,.###.## #.#
#.#g...... , #.#
#.ggg..... #.##
#@#* #..# #.# *
##.# #.# , ,
#.###.## *
##......### * *
#.....#......
###.......####.*,*
, ###..........# *
#............# ,


You could see 3 gnolls and a goblin.

Vanquished Creatures
  Terence (D:2)
  2 gnolls
  An adder (D:3)
  An ooze (D:1)
  3 dart slugs (D:2)
  3 leopard geckos
  A ball python (D:2)
  A giant cockroach (D:1)
  7 goblins
  4 hobgoblins
  5 kobolds
  4 bats
  A frilled lizard (D:2)
  4 rats (D:2)
38 creatures vanquished.

Notes
Turn   | Place    | Note
-------+----------+-------------------------------------------
     0 | D:1      | Megalobster the Deep Dwarf Fighter began the quest for the Orb.
     0 | D:1      | Reached XP level 1. HP: 20/20 MP: 1/1
   123 | D:1      | Reached XP level 2. HP: 24/27 MP: 2/2
   270 | D:1      | Reached skill level 3 in Axes
   446 | D:1      | Reached XP level 3. HP: 28/33 MP: 3/3
   825 | D:2      | Noticed Terence
   832 | D:2      | Killed Terence
   869 | D:2      | Reached XP level 4. HP: 34/42 MP: 4/4
  1456 | D:3      | Reached skill level 4 in Axes
  1461 | D:3      | HP: 2/42 [gnoll/spear (5)]
  1463 | D:3      | Slain by a gnoll

Skill      XL: |  1  2  3  4 |
---------------+-------------+-----
Axes           | 3 4 |  4.0
Fighting       | 3 |  3.1
Armour         | |  3.8
Shields        | |  3.8

Action                   |  1- 3 |  4- 6 || total
-------------------------+-------+-------++-------
Melee: War axe           |    75 |    61 ||   136
  Eat: Chunk             |       |     2 ||     2
Armor: Scale mail        |    22 |    29 ||    51
Dodge: Dodged            |    21 |    16 ||    37
Block: Shield            |    47 |    60 ||   107
